Map: [ESL] Inside and Out

Players

HeroMarine

  • Race: Terran Terran
  • Spawn Location: 1:00

Solar - Winner!

  • Race: Zerg Zerg
  • League: Master
  • Spawn Location: 7:00

Event: HomeStory Cup XXI

VOD

Have the link to the VOD?

Description

Time

  • Played on: July 23, 2022, 10:58 a.m.
  • Length: 16:11

All games in this series

Show
View Real Time Build Order
Export as new Build Order

HeroMarine Terran 

Build Orders: Reaper Expand, Hellion Banshee 

Get SALT Encoding   

  12  0:00  SCV  
  13  0:12  SCV  
  14  0:17  Supply Depot  
  14  0:24  SCV  
  15  0:38  SCV  
  15  0:40  Barracks  
  16  0:43  Refinery  
  16  0:50  SCV  
  17  1:02  SCV  
  18  1:14  SCV  
  19  1:27  Orbital Command, Reaper  
  20  1:39  Command Center  
  20  1:49  Supply Depot  
  20  1:52  SCV  
  21  1:58  Marine  
  22  2:04  SCV  
  23  2:12  Factory  
  23  2:16  SCV  
  23  2:20  Barracks Reactor  
  24  2:28  SCV  
  25  2:39  Command Center  
  25  2:41  SCV  
  26  2:52  Orbital Command  
  26  2:53  SCV  
  27  3:02  Starport  
  28  3:05  SCV  
  28  3:07  Refinery  
  28  3:09  Hellion  
  30  3:14  Hellion  
  30  3:17  SCV x2  
  34  3:21  Marine  
  35  3:29  SCV x2  
  35  3:30  Hellion  
  39  3:35  Hellion  
  39  3:39  Starport Tech Lab  
  41  3:42  SCV x2  
  43  3:51  Orbital Command  
  43  3:54  SCV x2  
  45  3:57  Cloaking Field, Banshee  
  48  4:02  Barracks Tech Lab, Supply Depot  
  48  4:03  Hellion  
  48  4:06  Hellion  
  48  4:08  SCV  
  53  4:10  SCV  
  55  4:17  SCV  
  55  4:20  SCV, Stimpack  
  55  4:22  SCV  
  55  4:23  Marine  
  58  4:24  Supply Depot  
  58  4:32  SCV x2  
  58  4:34  SCV  
  58  4:35  Hellion x2  
  65  4:40  Banshee  
  65  4:42  Marine  
  65  4:43  Orbital Command  
  69  4:46  SCV x2  
  69  4:50  Supply Depot  
  71  4:53  Barracks x2  
  71  4:55  Refinery  
  71  4:57  Refinery  
  71  4:58  SCV  
  71  4:59  SCV  
  73  5:00  Marine  
  73  5:03  Factory Reactor  
  73  5:05  Engineering Bay  
  74  5:07  Engineering Bay  
  74  5:10  SCV  
  74  5:11  SCV  
  74  5:13  SCV  
  77  5:17  Supply Depot  
  77  5:22  SCV, Marine  
  77  5:23  SCV  
  77  5:25  SCV  
  81  5:33  Terran Infantry Armor Level 1, Terran Infantry Weapons Level 1  
  81  5:34  SCV  
  81  5:35  SCV  
  83  5:37  SCV  
  83  5:39  Starport Reactor  
  84  5:46  Barracks, SCV  
  84  5:47  Barracks, SCV, Supply Depot  
  84  5:49  SCV, Factory Reactor  
  87  5:50  Marine x3  
  87  5:51  Marine x2  
  87  5:53  Supply Depot  
  92  5:59  SCV  
  92  6:04  Supply Depot x2  
  93  6:07  Combat Shield  
  93  6:08  SCV x2, Marine x3  
  93  6:11  SCV  
  99  6:15  Medivac x2, Marine  
  99  6:16  Marine  
  105  6:20  SCV x2  
  105  6:23  SCV, Armory  
  108  6:26  Marine x2  
  108  6:27  Supply Depot  
  108  6:28  Supply Depot  
  108  6:32  SCV x2  
  112  6:34  Marine  
  112  6:35  SCV, Marine  
  112  6:37  Barracks Reactor x2  
  112  6:38  Marine  
  114  6:40  Refinery  
  114  6:42  Supply Depot  
  114  6:43  Marine  
  114  6:44  SCV x2, Marine  
  118  6:47  Medivac x2  
  118  6:51  Widow Mine x2  
  118  6:52  Marine  
  127  7:01  Marine x2  
  128  7:03  Supply Depot  
  128  7:04  Marine x2  
  131  7:10  Factory, Marine  
  131  7:12  Supply Depot  
  131  7:13  Marine x2  
  131  7:14  Marine  
  135  7:16  Widow Mine x2  
  135  7:18  Marine  
  135  7:22  Marine x2  
  142  7:25  Marine x2  
  142  7:29  Marine  
  145  7:31  Terran Infantry Weapons Level 2, Marine x3, Command Center  
  145  7:33  Sensor Tower  
  145  7:36  SCV  
  145  7:37  SCV  
  150  7:38  SCV  
  150  7:39  Widow Mine x2  
  150  7:42  Marine x2  
  150  7:44  Marine x2  
  148  7:45  Terran Infantry Armor Level 2  
  148  7:47  Terran Vehicle And Ship Armor Level 1  
  148  7:49  Marine x2  
  142  8:03  Marine x5  
  142  8:04  Factory Tech Lab, Widow Mine x2  
  142  8:05  Marine x2  
  133  8:06  Medivac x2  
  133  8:07  Marine  
  133  8:12  Marine  
  136  8:20  Barracks  
  136  8:21  Barracks, Marine x5  
  136  8:22  Barracks, SCV  
  136  8:23  Marine  
  136  8:25  Drilling Claws  
  145  8:27  Widow Mine  
  145  8:31  Marine  
  145  8:32  Marine x2  
  145  8:39  Medivac x2, Widow Mine x2  
  153  8:43  Marine x3  
  153  8:44  Marine  
  149  8:50  Marine x3  
  149  8:51  Marine x2  
  149  8:53  SCV x3  
  148  9:01  Marine x4  
  152  9:05  Siege Tank, Widow Mine x2  
  152  9:06  SCV  
  152  9:08  Marine x3  
  152  9:09  SCV  
  165  9:10  Barracks Tech Lab x2, SCV  
  165  9:11  Barracks Tech Lab  
  165  9:12  Marine x2  
  167  9:19  Marine x2  
  167  9:23  Marine  
  170  9:28  Widow Mine x2  
  170  9:29  Marauder  
  174  9:31  Marauder  
  174  9:32  Marine x2, Marauder  
  174  9:34  Marine x3  
  170  9:46  Terran Vehicle Weapons Level 1  
  170  9:47  Marine x3, Marauder  
  170  9:50  Marine x2  
  170  9:51  Marauder  
  170  9:52  Siege Tank  
  180  9:54  Supply Depot  
  180  9:56  Supply Depot, Marine x2, Marauder  
  180  9:58  Planetary Fortress  
  184  10:05  Terran Infantry Weapons Level 3  
  182  10:08  Terran Infantry Armor Level 3  
  182  10:09  Marine x2, Marauder  
  186  10:14  Marine x2  
  186  10:19  Marine x2  
  186  10:20  Marauder  
  194  10:21  Marauder x2  
  190  10:31  Marauder  
  190  10:34  Marine x2  
  190  10:35  Siege Tank  
  190  10:36  Widow Mine x2  
  190  10:37  Refinery  
  190  10:38  Refinery  
  190  10:41  Marauder  
  198  10:43  Marine x2, Marauder  
  200  10:52  Factory  
  200  10:53  Command Center  
  200  10:55  Concussive Shells  
  200  10:56  Marine x2  
  200  11:14  Sensor Tower  
  200  11:23  Siege Tank  
  200  11:24  Widow Mine  
  200  11:27  Widow Mine  
  200  11:34  Command Center  
  200  11:35  Command Center  
  200  11:36  Orbital Command, Factory Tech Lab, Missile Turret, Ghost Academy  
  200  11:38  Command Center  
  198  11:54  Marauder x2  
  152  11:56  Marine  
  152  11:59  Marine  
  152  12:00  Supply Depot  
  152  12:01  Siege Tank, Marine x2  
  161  12:02  Medivac, Supply Depot  
  161  12:03  Supply Depot  
  161  12:04  Medivac, Terran Vehicle Weapons Level 2, Marine x2  
  161  12:07  Marine x2  
  168  12:08  Siege Tank  
  168  12:10  Widow Mine x2  
  168  12:13  Marauder  
  174  12:16  Marine x2  
  174  12:19  Refinery, Marine x3  
  174  12:21  Sensor Tower  
  174  12:22  Orbital Command  
  179  12:32  Marine x2, Marauder  
  179  12:33  Siege Tank  
  186  12:39  Factory Tech Lab  
  186  12:41  Liberator x2  
  192  12:48  Marauder x2  
  192  12:49  Siege Tank  
  190  12:52  Orbital Command  
  190  12:53  Marine x3  
  190  12:54  Ghost  
  190  12:55  Marine  
  195  12:59  Marine x2  
  200  13:11  Marauder  
  177  13:15  Siege Tank  
  177  13:18  Marine x2  
  177  13:19  Marauder  
  157  13:20  Marine x5  
  157  13:21  Siege Tank, Marine, Marauder  
  157  13:23  Marauder  
  157  13:24  Medivac x2  
  167  13:31  Factory  
  167  13:32  Marine  
  168  13:36  Marine x2  
  168  13:37  Marine  
  168  13:38  Marine  
  168  13:41  Marauder  
  174  13:46  Refinery  
  174  13:47  Siege Tank  
  177  13:48  Marine  
  177  13:49  Marine  
  177  13:50  Refinery, Marine  
  177  13:52  Marine x2, Marauder  
  177  13:53  Siege Tank, Marine  
  177  13:54  Marine x2  
  190  13:55  Marine  
  191  14:02  Marine  
  191  14:03  Marine  
  191  14:05  Liberator  
  191  14:06  Liberator  
  191  14:08  Marine  
  200  14:10  Orbital Command  
  197  14:25  Siege Tank  
  197  14:28  Sensor Tower  
  193  14:36  Marauder  
  137  14:42  Marine  
  137  14:43  Marine x2, Marauder  
  137  14:44  Marine x2  
  137  14:45  Marine x2, Marauder  
  140  14:47  Siege Tank  
  140  14:48  Medivac  
  140  14:49  Medivac  
  140  14:51  Marine, Marauder  
  150  14:54  SCV  
  150  14:55  SCV x4  
  150  14:56  SCV  
  150  14:57  Siege Tank, Marauder  
  150  14:58  Factory  
  161  15:00  Marine  
  161  15:01  Marine x2  
  161  15:02  Marine x2  
  166  15:07  Sensor Tower  
  166  15:08  Missile Turret  
  166  15:10  Refinery x2  
  166  15:12  Planetary Fortress  
  166  15:14  Missile Turret  
  166  15:18  Ghost x2, Marine x2  
  166  15:19  Ghost, Siege Tank  
  177  15:24  Ghost  
  179  15:29  Siege Tank  
  182  15:39  Marine  
  182  15:40  Marine  
  170  15:42  Marine  
  170  15:44  Marine x2  
  164  15:53  Marine x2  
Show
View Real Time Build Order
Export as new Build Order

Solar Zerg - Winner!

Build Orders: Hatch First, Lurkers 

Get SALT Encoding   

  12  0:00  Drone  
  13  0:12  Overlord  
  13  0:16  Drone  
  14  0:30  Drone  
  14  0:31  Drone  
  16  0:47  Hatchery  
  15  0:50  Drone  
  15  0:54  Drone  
  17  0:58  Drone  
  18  1:08  Extractor  
  17  1:12  Spawning Pool  
  17  1:15  Drone  
  17  1:19  Drone  
  18  1:28  Drone  
  19  1:38  Drone  
  20  1:51  Drone  
  21  1:59  Queen x2  
  21  2:00  Zergling x2  
  26  2:01  Zergling x2  
  27  2:10  Zergling x2  
  27  2:11  Overlord  
  28  2:25  Hatchery  
  28  2:26  Drone  
  27  2:32  Drone x2  
  29  2:39  Queen  
  31  2:44  Overlord  
  31  2:47  Metabolic Boost  
  31  2:50  Drone  
  32  2:52  Drone  
  32  2:54  Drone  
  32  2:56  Drone  
  35  3:03  Drone  
  36  3:07  Drone  
  36  3:10  Drone x3  
  40  3:15  Queen  
  40  3:19  Overlord  
  42  3:21  Drone  
  43  3:28  Overlord  
  43  3:36  Queen  
  43  3:37  Queen  
  43  3:40  Drone x2  
  49  3:41  Drone  
  49  3:42  Drone  
  49  3:44  Drone  
  49  3:48  Drone x2  
  54  3:55  Drone x5  
  59  3:59  Zergling x4  
  61  4:03  Overlord  
  61  4:09  Drone x2  
  63  4:13  Drone  
  63  4:16  Overlord  
  64  4:17  Drone  
  64  4:19  Overlord  
  64  4:21  Queen x2  
  64  4:23  Zergling x2  
  70  4:28  Drone  
  70  4:30  Drone x2  
  72  4:32  Overlord  
  72  4:33  Zergling x4  
  72  4:34  Drone x2  
  72  4:37  Drone x2  
  78  4:43  Overlord  
  78  4:44  Drone x2  
  80  4:48  Spore Crawler, Evolution Chamber, Drone x2  
  80  4:49  Evolution Chamber  
  80  4:51  Zergling x2  
  80  4:54  Extractor  
  80  4:56  Drone  
  80  4:59  Drone  
  81  5:00  Spore Crawler, Drone  
  81  5:01  Drone x2  
  81  5:02  Drone  
  81  5:03  Spore Crawler  
  81  5:05  Queen  
  81  5:07  Zergling x2  
  86  5:08  Zergling x2  
  86  5:11  Overlord  
  87  5:15  Drone, Extractor  
  87  5:17  Zerg Melee Weapons Level 1, Zerg Ground Armor Level 1  
  87  5:19  Drone  
  88  5:22  Drone  
  88  5:27  Drone  
  87  5:29  Drone x3  
  87  5:34  Lair  
  87  5:35  Drone x2  
  92  5:37  Drone x3  
  92  5:41  Drone  
  92  5:42  Extractor, Drone x2  
  97  5:43  Extractor  
  97  5:45  Baneling Nest  
  97  5:48  Overlord  
  95  5:50  Zergling x6  
  95  5:56  Drone, Hatchery  
  98  6:00  Drone  
  98  6:01  Overlord  
  99  6:07  Drone x2  
  99  6:08  Drone, Zergling x2  
  103  6:12  Zergling x8  
  107  6:18  Zergling x6  
  107  6:19  Zergling x2  
  107  6:22  Overlord  
  107  6:24  Drone  
  112  6:31  Hatchery  
  112  6:32  Overseer  
  111  6:33  Centrifugal Hooks  
  111  6:34  Drone  
  111  6:36  Drone x2  
  111  6:38  Spore Crawler  
  113  6:42  Zergling x8  
  113  6:46  Overlord  
  117  6:49  Drone x2  
  117  6:51  Drone, Zergling x2  
  117  6:52  Zergling x4, Hatchery  
  122  6:54  Baneling x8  
  122  6:55  Baneling x3  
  122  6:57  Overlord  
  122  6:58  Drone  
  122  6:59  Overlord  
  123  7:02  Zergling x2  
  123  7:06  Drone  
  125  7:10  Zergling x2  
  125  7:11  Zergling x8  
  125  7:14  Drone  
  125  7:15  Zerg Ground Armor Level 2  
  131  7:17  Zerg Melee Weapons Level 2  
  131  7:18  Zergling x12  
  131  7:19  Zergling x2  
  131  7:21  Hatchery  
  137  7:23  Drone x2  
  137  7:28  Infestation Pit  
  137  7:29  Drone x2  
  140  7:32  Pneumatized Carapace  
  140  7:33  Drone  
  140  7:34  Zergling x2  
  140  7:35  Hydralisk Den  
  141  7:37  Baneling x9  
  141  7:39  Zergling x2  
  141  7:43  Zergling x12  
  138  7:47  Baneling x5  
  138  7:48  Baneling, Zergling x12  
  145  7:51  Drone  
  145  7:53  Zergling x2  
  142  8:00  Zergling x6  
  125  8:06  Zergling x2  
  125  8:07  Baneling x4  
  125  8:09  Overseer  
  125  8:10  Zergling x6  
  129  8:13  Extractor, Hydralisk x3  
  129  8:18  Zergling x6  
  137  8:21  Hive  
  137  8:24  Zergling x18  
  146  8:30  Zergling x4  
  146  8:33  Baneling x2  
  146  8:34  Baneling x6  
  146  8:35  Zergling x8  
  146  8:40  Zergling x8  
  154  8:44  Zergling x4, Baneling  
  154  8:45  Baneling x5  
  147  8:50  Zergling x18  
  147  8:51  Drone  
  147  8:52  Drone  
  147  8:54  Drone  
  156  8:56  Spore Crawler, Zergling x2  
  156  8:58  Drone  
  156  9:01  Hydralisk x3  
  163  9:07  Overlord x3  
  163  9:08  Overlord  
  163  9:10  Muscular Augments  
  163  9:12  Baneling x4  
  163  9:18  Extractor  
  163  9:19  Drone  
  163  9:20  Overlord  
  163  9:30  Zergling x24  
  165  9:31  Zergling x4  
  165  9:34  Hatchery  
  165  9:35  Zergling x8  
  170  9:40  Queen  
  170  9:44  Viper x2  
  169  9:46  Zergling x10  
  169  9:49  Baneling x2  
  169  9:50  Baneling  
  174  10:02  Hydralisk x2  
  174  10:03  Zergling x14  
  182  10:07  Overseer  
  182  10:09  Zergling x12  
  182  10:11  Baneling x7  
  182  10:13  Zergling x2  
  187  10:16  Zerg Ground Armor Level 3  
  187  10:17  Zergling x4  
  187  10:20  Overlord x2  
  189  10:21  Grooved Spines  
  189  10:26  Zerg Missile Weapons Level 1  
  189  10:27  Drone x4  
  188  10:29  Zergling x6  
  188  10:34  Drone  
  183  10:40  Zergling x20  
  192  10:43  Hydralisk  
  192  10:47  Drone x2, Hydralisk  
  192  10:49  Zergling x2  
  199  10:55  Baneling x14  
  198  10:58  Drone x2  
  198  10:59  Hatchery  
  198  11:16  Zergling x4  
  198  11:18  Baneling x6  
  200  11:23  Adrenal Glands  
  200  11:25  Lurker Den  
  199  11:38  Zergling x2  
  179  11:49  Zergling x28  
  179  11:50  Zergling x18  
  179  11:54  Hydralisk x2, Zergling x2  
  166  11:55  Zergling x4  
  166  11:56  Zergling x2  
  166  11:59  Zergling x2  
  166  12:01  Zergling x6  
  174  12:05  Zergling x6  
  174  12:08  Zergling x4  
  175  12:13  Zergling x10  
  178  12:16  Zergling x2  
  178  12:19  Zergling x2  
  180  12:22  Baneling x2  
  180  12:23  Baneling x7  
  180  12:24  Zergling x10  
  180  12:25  Spore Crawler, Zerg Melee Weapons Level 3  
  180  12:27  Spine Crawler  
  180  12:28  Baneling x7  
  180  12:29  Baneling x6  
  183  12:30  Zergling x10  
  183  12:31  Zergling x12  
  183  12:36  Zergling x10  
  199  12:37  Zergling x2  
  199  12:41  Hatchery  
  199  12:42  Drone x2  
  199  12:52  Zerg Missile Weapons Level 2  
  199  12:57  Zergling x4  
  173  13:15  Zergling x22  
  173  13:18  Zergling x32  
  176  13:22  Hydralisk x2  
  176  13:23  Burrow  
  176  13:25  Seismic Spines  
  176  13:26  Zergling x8  
  177  13:33  Drone x2  
  180  13:34  Zergling x8  
  180  13:38  Baneling x13  
  180  13:39  Baneling x3  
  182  13:41  Zergling x10  
  182  13:42  Baneling  
  182  13:43  Baneling x14  
  182  13:47  Zergling x16  
  194  13:50  Hatchery  
  194  13:51  Baneling x11  
  194  13:52  Zergling x2  
  194  13:54  Zergling x6  
  197  13:58  Zergling x6  
  198  14:05  Drone x2  
  197  14:22  Adaptive Talons  
  197  14:26  Drone  
  197  14:27  Drone  
  186  14:32  Zergling x14  
  186  14:34  Zergling x2  
  186  14:35  Zergling x38  
  176  14:39  Hydralisk x2  
  176  14:41  Zergling x4  
  176  14:42  Zergling x2  
  171  14:45  Hydralisk x2  
  171  14:50  Zergling x8  
  179  14:54  Lurker x3  
  179  14:55  Lurker  
  179  14:57  Lurker x2  
  185  15:01  Baneling x7  
  185  15:04  Hydralisk  
  186  15:07  Zergling x2  
  186  15:08  Zergling x4  
  186  15:10  Baneling x5  
  186  15:11  Baneling, Overseer  
  186  15:13  Overseer  
  186  15:14  Overseer  
  188  15:18  Drone, Zergling x4  
  188  15:19  Zergling x2  
  192  15:25  Zergling x10  
  190  15:30  Baneling x3  
  190  15:31  Baneling x9  
  190  15:33  Zergling x6  
  193  15:36  Zergling x6  
  193  15:39  Zergling x6  
  190  15:49  Zergling x10  
  191  15:50  Zergling x8  
  191  15:52  Zergling x4  
Tags
 
Add a new tag
Caveats
  • Supply blocks, unpowered buildings, or Contaminate may cause inaccurate times.
  • Supply counts are checked every 10 seconds.